 Dungeon Crawl Stone Soup version 0.22-a0-183-g9e71ff9 (webtiles) character file.

2374 b5mith the Poker (level 9, 0/69 HPs)
             Began as a Human Berserker on Feb 14, 2018.
             Was an Elder of Trog.
             Slain by a death yak (11 damage)
             ... on level 6 of the Dungeon.
             The game lasted 00:33:14 (7632 turns).

b5mith the Poker (Human Berserker)                  Turns: 7632, Time: 00:33:15

Health: 0/69       AC: 11    Str: 20      XL:     9   Next: 73%
Magic:  0/9        EV: 13    Int:  8      God:    Trog [****..]
Gold:   434        SH:  0    Dex: 15 (16) Spells: 8/8 levels left

rFire    . . .     SeeInvis +   c - +4 scythe (venom)
rCold    . . .     Gourm    .   (shield currently unavailable)
rNeg     . . .     Faith    .   q - +1 scale mail
rPois    .         Spirit   +   (no helmet)
rElec    .         Reflect  .   (no cloak)
rCorr    .         Harm     .   B - +0 pair of gloves
MR       .....                  C - +0 pair of boots (curse)
Stlth    ..........             o - amulet of guardian spirit
HPRegen  0.21/turn              H - +3 ring of dexterity
MPRegen  0.11/turn              K - ring of see invisible

@: no status effects
A: no striking features
a: Berserk, Trog's Hand, Brothers in Arms, Burn Spellbooks, Renounce Religion


You were on level 6 of the Dungeon.
You worshipped Trog.
Trog was greatly pleased with you.
You were not hungry.

You visited 1 branch of the dungeon, and saw 7 of its levels.

You collected 434 gold pieces.

Inventory:

Hand Weapons
 a - a +0 spear
 c - a +4 scythe of venom (weapon)
 y - a +0 glaive of protection
 A - a +1 flail of crushing
Missiles
 p - 142 stones (quivered)
Armour
 b - a +0 animal skin
 e - a +0 buckler
 i - a +0 leather armour
 q - a +1 scale mail (worn)
 B - a +0 pair of gloves (worn)
 C - a cursed +0 pair of boots (worn)
Jewellery
 o - an amulet of guardian spirit (around neck)
 r - an uncursed ring of wizardry
 D - an uncursed ring of protection from cold
 H - a +3 ring of dexterity (left hand)
 K - a ring of see invisible (right hand)
Wands
 v - a wand of polymorph (28)
 L - a wand of enslavement (16)
Scrolls
 f - 2 scrolls of magic mapping
 h - 5 scrolls of teleportation
 k - 2 scrolls of enchant armour
 l - 2 scrolls of remove curse {@r2}
 m - 4 scrolls of blinking
 E - 3 scrolls of amnesia
 M - a scroll of random uselessness {unknown}
Potions
 d - a potion of lignification
 j - a potion of might {unknown}
 n - 4 potions of curing {@q1}
 s - 2 potions of haste {unknown}
 t - 2 potions of resistance
 u - 2 potions of flight
 x - a potion of ambrosia {unknown}
 z - 2 potions of brilliance
 F - a potion of heal wounds {unknown}
 I - a potion of invisibility {unknown}
 J - a potion of degeneration {unknown}
Books
 G - a book of Cantrips

   Spells                             Type                      Level
   a - Confusing Touch                Hexes                        1
   b - Animate Skeleton               Necromancy                   1
   c - Summon Small Mammal            Summoning                    1
   d - Apportation                    Translocation                1
   Trog disapproves of the use of such an item.
Comestibles
 w - 4 rations


   Skills:
 + Level 6.1 Fighting
 * Level 7.6 Polearms
 + Level 5.6 Armour
 + Level 5.6 Dodging
 - Level 4.0 Shields


You had 8 spell levels left.
You didn't know any spells.

Dungeon Overview and Level Annotations

Branches:
Dungeon (7/15)             Temple (0/1) D:6

Altars:
Makhleb
Qazlal
Xom

Shops:
D:6 [


Message History

The hog completely misses you.
You slash the hog!
The hog looks as sick as possible!
The hog is moderately wounded.
The hog bites you but does no damage. The hog closely misses you.
You hit the hog.
The hog looks as sick as possible!
The hog is moderately wounded.
The hog bites you.
* * * LOW HITPOINT WARNING * * *
The hog barely misses you.
You slice the hog!!
You kill the hog!
Trog accepts your kill.
You feel your dexterity returning.
You start resting.
A death yak is nearby!
A death yak is nearby!
A death yak is nearby!
You are too injured to fight recklessly!
You barely miss the death yak. The death yak gores you!
You die...

#.....##.....
#.##..###...#
#)###..###### #.#
##..### ##.#
##...## ###..#
##...## ####.H.##
##...#
#..Y###########.##.
#.@###...#...#...#.
##># #.⌠.#.⌠.#.>.#.
### #...#...#...#.
##.###.###.##.
#...#.[.#...##
#.⌠...⌠...⌠.##
#...#...#...##
##.###.###.###
#...#...#...##


You could see a death yak and a hippogriff.

Vanquished Creatures
  The ghost of Oroborous the Cudgeler, an amateur TrWz of Kikubaaqudgha (D:4)
  A hog (D:6)
  An orc warrior (D:7)
  A sky beast (D:7)
  A phantom (D:5)
  4 ogres
  2 centaurs
  4 bullfrogs
  6 crimson imps
  2 quasits (D:7)
  A jelly (D:6)
  3 hounds
  2 orc priests (D:7)
  A bullfrog skeleton (D:4)
  4 orc wizards
  3 iguanas
  3 worker ants
  A hound zombie (D:6)
  A hound skeleton (D:7)
  14 adders
  7 gnolls
  2 worms (D:3)
  A dart slug (D:5)
  3 leopard geckos
  25 orcs
  4 giant cockroaches
  7 goblins
  4 hobgoblins
  5 jackals
  4 kobolds
  2 quokkas
  8 bats
  7 frilled lizards
  A leopard gecko skeleton (D:5)
  A leopard gecko zombie (D:6)
  3 quokka skeletons
  11 rats
151 creatures vanquished.

Notes
Turn   | Place    | Note
-------+----------+-------------------------------------------
     0 | D:1      | b5mith the Human Berserker began the quest for the Orb.
     0 | D:1      | Reached XP level 1. HP: 18/18 MP: 1/1
    94 | D:1      | Reached XP level 2. HP: 19/24 MP: 2/2
   760 | D:2      | Reached skill level 1 in Shields
   760 | D:2      | Reached XP level 3. HP: 22/29 MP: 0/3
  1489 | D:2      | Reached XP level 4. HP: 25/35 MP: 4/4
  2087 | D:3      | Found a glowing drain.
  2192 | D:3      | Found a faded altar of an unknown god.
  2213 | D:3      | Reached ** piety under Trog
  2345 | D:3      | Reached XP level 5. HP: 31/41 MP: 5/5
  2795 | D:3      | Noticed an orc warrior
  3053 | D:3      | Noticed Sigmund
  3084 | D:3      | Noticed Sigmund
  3084 | D:3      | Sigmund changed into Sigmund the adder
  3089 | D:3      | Killed Sigmund the adder
  3468 | D:3      | Found a burning altar of Makhleb.
  3650 | D:4      | Found a stormy altar of Qazlal.
  3722 | D:4      | Noticed Oroborous's ghost (amateur TrWz)
  3781 | D:4      | Killed Oroborous's ghost
  3781 | D:4      | Reached skill level 4 in Polearms
  3781 | D:4      | Reached XP level 6. HP: 48/48 MP: 4/6
  3933 | D:4      | Reached XP level 7. HP: 48/53 MP: 7/7
  4224 | D:5      | Entered Level 5 of the Dungeon
  4249 | D:5      | Reached *** piety under Trog
  4392 | D:5      | Found a shimmering altar of Xom.
  4631 | D:5      | Reached XP level 8. HP: 29/61 MP: 2/8
  4665 | D:4      | Reached skill level 5 in Polearms
  5305 | D:6      | Reached skill level 5 in Fighting
  5331 | D:6      | Reached skill level 6 in Polearms
  5374 | D:6      | Found Ruxaih's Antique Armour Shop.
  5590 | D:6      | Found a staircase to the Ecumenical Temple.
  5748 | D:6      | Reached XP level 9. HP: 68/68 MP: 9/9
  6229 | D:7      | Reached skill level 5 in Armour
  6229 | D:7      | Reached skill level 5 in Dodging
  6265 | D:7      | Reached **** piety under Trog
  6610 | D:7      | Reached skill level 7 in Polearms
  6707 | D:7      | Found a huge runed gate.
  6713 | D:7      | Found a huge runed gate.
  6714 | D:7      | Noticed a polar bear
  6778 | D:7      | Found a huge runed gate.
  6778 | D:7      | Found a huge runed gate.
  6778 | D:7      | Noticed a death yak
  6778 | D:7      | Noticed a hippogriff
  6778 | D:7      | Noticed a hippogriff
  6779 | D:7      | Noticed a death yak
  6779 | D:7      | Noticed a hippogriff
  6779 | D:7      | Noticed a polar bear
  7632 | D:6      | Slain by a death yak

Vault maps used:
D:1:      lightli_arrival_noodles
D:3:      lightli_temple_of_fire, chequers_ecumenical_altar_simple,
          first_ration, portal_sewer_entry_a, minmay_randomly_rotated_circles,
          uniq_sigmund
D:4:      grunt_qazlal_clouds, kennysheep_generic_room_13
D:5:      led_xom_imps, corner_web_ring
D:6:      minmay_temple_entry_nine_rooms, serial_shops, shop
D:7:      lemuel_bear_cage, kennysheep_generic_room_8

Skill      XL: |  1  2  3  4  5  6  7  8  9 |
---------------+----------------------------+-----
Shields        | 1 2 3 4 |  4.0
Polearms       | 4 6 7 |  7.6
Armour         | 3 4 5 |  5.6
Dodging        | 3 4 5 |  5.6
Fighting       | 4 5 6 |  6.1

Action                   |  1- 3 |  4- 6 |  7- 9 || total
-------------------------+-------+-------+-------++-------
Melee: Spear             |    99 |   186 |       ||   285
       Scythe            |       |    29 |   229 ||   258
       Glaive            |       |       |    67 ||    67
Throw: Stone             |    17 |    79 |   106 ||   202
Invok: Berserk           |       |     2 |       ||     2
Evoke: Wand              |       |     1 |       ||     1
  Use: Scroll            |     2 |     3 |    11 ||    16
       Potion            |       |     5 |     1 ||     6
 Stab: Sleeping          |     2 |       |       ||     2
       Distracted        |       |       |     1 ||     1
  Eat: Ration            |     1 |     2 |     3 ||     6
       Chunk             |       |     4 |     1 ||     5
Armor: Animal skin       |     1 |       |       ||     1
       Leather armour    |     9 |       |       ||     9
       Scale mail        |    18 |    69 |   191 ||   278
       Skin              |       |    14 |    14 ||    28
Dodge: Dodged            |    28 |    82 |   272 ||   382
Block: Buckler           |    14 |    28 |       ||    42

Table legend:
 A = Spawn XP
 B = Non-spawn XP
 C = Spawn XP percentage of total XP
 D = Spawn monster count
 E = Non-spawn monster count
 F = Spawn count percentage of total count
 G = Total turns spent on level
                    A         B        C        D         E        F      G
               +---------+---------+-------+---------+---------+-------+---------
         Total |       0 |    3392 |   0.0 |       0 |     151 |   0.0 |  7632
               +---------+---------+-------+---------+---------+-------+---------
           D:1 |       0 |      22 |   0.0 |       0 |      11 |   0.0 |   725
           D:2 |       0 |      60 |   0.0 |       0 |      15 |   0.0 |  1151
           D:3 |       0 |     118 |   0.0 |       0 |      32 |   0.0 |  1764
           D:4 |       0 |     553 |   0.0 |       0 |      20 |   0.0 |   754
           D:5 |       0 |     669 |   0.0 |       0 |      22 |   0.0 |   799
           D:6 |       0 |     927 |   0.0 |       0 |      20 |   0.0 |  1300
           D:7 |       0 |    1043 |   0.0 |       0 |      31 |   0.0 |  1139
               +---------+---------+-------+---------+---------+-------+---------
